 Dungeon Crawl Stone Soup version 0.29-a0-284-gf9362112df (webtiles) character file.

Game seed: 5169856394211452645

30 Warped the Ruffian (level 3, 0/19 HPs)
             Began as a Vine Stalker Fighter on Mar 24, 2022.
             Slain by Terence
             ... wielding a +0 mace
              (5 damage)
             ... on level 2 of the Dungeon.
             The game lasted 00:01:40 (820 turns).

Warped the Ruffian (Vine Stalker Fighter)            Turns: 820, Time: 00:01:40

Health: 0/19       AC:  6    Str: 20    XL:     3   Next: 18%
Magic:  0/4        EV:  9    Int:  8    God:
Gold:   63         SH:  4    Dex: 13    Spells: 2/2 levels left

rFire   . . .      SeeInvis .     - Unarmed
rCold   . . .      Faith    .   b - +0 buckler
rNeg    . . .      Spirit   +   a - +0 scale mail
rPois   .          Reflect  .   (no helmet)
rElec   .          Harm     .   (no cloak)
rCorr   .          Rampage  .   (no gloves)
Will    .....                   (no boots)
Stlth   ..........              (no amulet)
HPRegen 0.06/turn               f - ring of flight
MPRegen 0.09/turn               (no ring)

@: mighty, flying
A: fangs 2, magic shield, antimagic bite, no potion heal 2
a: no special abilities


You were on level 2 of the Dungeon.
You visited 1 branch of the dungeon, and saw 2 of its levels.

You collected 63 gold pieces.

Inventory:

Missiles
 i - 25 stones (quivered)
 l - 3 boomerangs
Armour
 a - a +0 scale mail (worn)
 b - a +0 buckler (worn)
Magical Staves
 m - a staff of fire
Jewellery
 f - a ring of flight (left hand)
Scrolls
 d - a scroll of enchant armour {unknown}
 e - a scroll of vulnerability {unknown}
 h - a scroll of identify {unknown}
 j - a scroll of teleportation {unknown}
 n - a scroll of silence {unknown}
Potions
 g - a potion of degeneration {unknown}
 k - a potion of curing {unknown}


   Skills:
 - Level 2.6 Fighting
 - Level 2.4 Armour
 - Level 2.6 Shields
 + Level 3.5 Unarmed Combat


You had 2 spell levels left.
You didn't know any spells.
Your spell library was empty.

Dungeon Overview and Level Annotations

Branches:
Dungeon (2/15)

Altars:

Annotations:
D:2 Terence


Innate Abilities, Weirdness & Mutations

You have extremely sharp teeth.
When hurt, damage is shared between your health and your magic reserves.
Your bite disrupts and absorbs the magic of your enemies.
Potions cannot restore your health.


Message History

You are too injured to fight recklessly!
You are too injured to fight recklessly!
You are too injured to fight recklessly!
You are too injured to fight recklessly!
You are too injured to fight recklessly!
You are too injured to fight recklessly!
You are too injured to fight recklessly!
You are too injured to fight recklessly!
You are too injured to fight recklessly!
You are too injured to fight recklessly!
You are too injured to fight recklessly!
You are too injured to fight recklessly!
You are too injured to fight recklessly!
You are too injured to fight recklessly!
You are too injured to fight recklessly!
You are too injured to fight recklessly!
You are too injured to fight recklessly!
You are too injured to fight recklessly!
You are too injured to fight recklessly!
You are too injured to fight recklessly!
You are too injured to fight recklessly!
You are too injured to fight recklessly!
You are too injured to fight recklessly!
You are too injured to fight recklessly!
You are too injured to fight recklessly!
You are too injured to fight recklessly!
You are too injured to fight recklessly!
You feel very mighty all of a sudden. Terence hits you with a +0 mace.
You hit Terence. Your bite misses Terence.
Terence is moderately wounded.
Terence hits you with a +0 mace.
* * * LOW HITPOINT WARNING * * *
You barely miss Terence.
Terence is moderately wounded.
Terence hits you but does no damage.
You hit Terence. Your bite misses Terence.
Terence is heavily wounded.
Terence hits you with a +0 mace.
You die...

..# #.#... #.# #.#...
####.######.....
................
#.......#.####
#.......#.# #
#.......#.#
..>##.#####.......#.#
.....B@@..............
......#############.##
##### #.# #.#


You could see Terence and a giant cockroach.

Vanquished Creatures
  A dart slug (D:1)
  4 ball pythons (D:1)
  A bat (D:1)
  3 endoplasms (D:1)
  A giant cockroach (D:1)
  A goblin (D:1)
  4 quokkas
  5 frilled lizards (D:1)
  4 kobolds (D:1)
  2 rats (D:1)
26 creatures vanquished.

Notes
Turn   | Place    | Note
-------+----------+-------------------------------------------
     0 | D:1      | Warped the Vine Stalker Fighter began the quest for the
                  | Orb.
     0 | D:1      | Reached XP level 1. HP: 11/11 MP: 2/2
   219 | D:1      | Reached XP level 2. HP: 16/16 MP: 3/3
   293 | D:1      | Reached skill level 3 in Unarmed Combat
   489 | D:1      | Reached XP level 3. HP: 19/19 MP: 4/4
   806 | D:2      | Noticed Terence
   820 | D:2      | Slain by Terence

Illustrated notes

Levels and vault maps discovered:
D:1:      minmay_arrival_plants_in_alcoves, layout_loops_ring
D:2:      cheibrodos_fertilizer, layout_basic, hangedman_decor_riveting,
          grunt_decor_cap, uniq_terence

Skill      XL: |  1  2 |
---------------+-------+-----
Unarmed Combat | 3 |  3.5
Fighting       | |  2.6
Armour         | |  2.4
Shields        | |  2.6

Action                   || total
-------------------------++-------
Melee: Unarmed           ||    69
       Bite              ||    17
  Use: Potion            ||     1
Armor: Scale mail        ||    26
Dodge: Dodged            ||    18
Block: Buckler           ||    10

Table legend: (Time is in decaauts)
 A = Elapsed time spent in this place.
 B = Non-inter-level travel time spent in this place.
 C = Inter-level travel time spent in this place.
 D = Time resting spent in this place.
 E = Time spent auto-exploring this place.
 F = Levels seen in this place.
 G = Mean time per level.
                   A        B        C        D        E       F      G
               +--------+--------+--------+--------+--------+-----+--------+
         Total |    818 |    787 |     31 |      0 |    620 |   2 |  409.0 |
       Dungeon |    818 |    787 |     31 |      0 |    620 |   2 |  409.0 |
               +--------+--------+--------+--------+--------+-----+--------+

Top non-repeatable levels by time:
     D:1: 723 daAuts
     D:2: 95 daAuts
